 Dungeon Sprint DCSS version 0.20-a0-472-g5c05303 (webtiles) character file.

436 Hipnos the Fighter (level 6, 0/56 HPs)
             Began as a Demonspawn Fighter on Jan 14, 2017.
             Was an Initiate of Qazlal.
             Slain by Sonja
             ... wielding a +1 dagger of distortion
              (15 damage)
             ... in the Dungeon (Sprint I: "Red Sonja").
             The game lasted 00:02:14 (476 turns).

Hipnos the Fighter (Demonspawn Fighter)              Turns: 476, Time: 00:02:14

Health: 0/56       AC:  9    Str: 16    XL:     6   Next: 69%
Magic:  6/6        EV:  8    Int: 11    God:    Qazlal [......]
Gold:   307        SH: 10    Dex: 13    Spells: 5/5 levels left

rFire  + . .     SeeInvis .     a - +0 war axe
rCold  . . .     Gourm    .     b - +0 scale mail
rNeg   . . .     Faith    .     c - +0 shield
rPois  .         Spirit   .     (no helmet)
rElec  .         Reflect  .     (no cloak)
rCorr  .         Harm     .     (no gloves)
MR     .....     NoTele   +     (no boots)
Stlth  ..........               (no amulet)
                                (no ring)
                                (no ring)

@: very slightly contaminated, hasted and slowed
A: claws 1, slimy green scales 1, fire resistance 1, flame cloud immunity
a: Renounce Religion


You were in the Dungeon.
You worshipped Qazlal.
Qazlal was noncommittal.
You were not hungry.

You visited 1 branch You collected 307 gold pieces.

Inventory:

Hand Weapons
 a - a +0 war axe (weapon)
Armour
 b - a +0 scale mail (worn)
 c - a +0 shield (worn)
Scrolls
 g - a scroll of fog {unknown}
 k - 2 scrolls of blinking
Potions
 d - a potion of might
 i - 2 potions of magic
Comestibles
 f - a bread ration
 j - a chunk of flesh


   Skills:
 + Level 8.2 Fighting
 + Level 6.1 Axes
 + Level 7.2 Armour
 + Level 0.3 Dodging
 + Level 0.4 Stealth
 + Level 7.3 Shields


You had 5 spell levels left.
You didn't know any spells.

Dungeon Overview and Level Annotations

Branches:
Dungeon (1/1)

Altars:
Cheibriados
Dithmenos
Elyvilon
Fedhas
Gozag
Hepliaklqana
Kikubaaqudgha
Nemelex Xobeh
Okawaru
Qazlal
Ru
Sif Muna
Trog
Uskayaw
Vehumet
Yredelemnul
Zin
The Shining One

Shops:
D :

Annotations:
D Sonja


Innate Abilities, Weirdness & Mutations

You have sharp fingernails.
You are partially covered in slimy green scales. (AC +2)
Your flesh is heat resistant. (rF+)
You are immune to clouds of flame.


Message History

You feel sick.
Sonja shoots a curare-tipped needle.
The curare-tipped needle hits you.
You are more poisoned.
You have difficulty breathing.
You feel as though you will be slow longer.
There is an open door here.
You see here a curare-tipped needle.
You feel better.
Sonja shoots a curare-tipped needle.
The curare-tipped needle completely misses you.
Sonja shoots a curare-tipped needle.
The curare-tipped needle barely misses you.
Sonja unwields an uncursed blowgun.
Sonja wields an uncursed dagger of distortion.
Its appearance distorts for a moment.
Sonja hits you but does no damage. x2
Space bends around you. Sonja hits you but does no damage.
Space bends around you.
* * * LOW HITPOINT WARNING * * *
You miss Sonja. Sonja hits you but does no damage.
Space warps horribly around you!
You die...

#..'[.#..').#..+
#..#####'#####'#
#..####..#...#.#
#..#__####..##.#
#..#_____##'#..+
#⌠⌠#_.∩...'((._#
####_..__##_(#'#
#_____###(#.#
####### #@###


+$K$+ #$.$# ##.## #+# You could see Sonja.

Vanquished Creatures
  Sigmund (D)
  A yak (D)
  An ogre (D)
  A jelly (D)
  Ijyb (D)
5 creatures vanquished.

Notes
Turn   | Place    | Note
-------+----------+-------------------------------------------
     0 | D        | Hipnos the Demonspawn Fighter began the quest for the Orb.
     0 | D        | Reached XP level 1. HP: 18/18 MP: 1/1
     1 | D        | Noticed Ijyb
    17 | D        | Killed Ijyb
    17 | D        | Reached skill level 4 in Fighting
    17 | D        | Gained mutation: Your flesh is heat resistant. (rF+) [demonic ancestry]
    17 | D        | Reached XP level 2. HP: 25/26 MP: 2/2
    20 | D        | Noticed an ogre
    28 | D        | Killed an ogre
    28 | D        | Reached skill level 5 in Fighting
    28 | D        | Reached skill level 5 in Armour
    28 | D        | Reached skill level 5 in Shields
    28 | D        | Gained mutation: You are immune to clouds of flame. [demonic ancestry]
    28 | D        | Reached XP level 3. HP: 34/34 MP: 3/3
    28 | D        | Reached XP level 4. HP: 40/40 MP: 4/4
    66 | D        | Noticed Sigmund
    85 | D        | Killed Sigmund
    85 | D        | Reached skill level 7 in Fighting
    85 | D        | Gained mutation: You have sharp fingernails. [demonic ancestry]
    85 | D        | Reached XP level 5. HP: 26/48 MP: 5/5
   229 | D        | Found a deep blue altar of Sif Muna.
   231 | D        | Found a radiant altar of Vehumet.
   236 | D        | Gained mutation: You are partially covered in slimy green scales. (AC +2) [demonic ancestry]
   236 | D        | Reached XP level 6. HP: 42/55 MP: 6/6
   306 | D        | Found Heboimes's Book Emporium.
   306 | D        | Found an ancient bone altar of Kikubaaqudgha.
   306 | D        | Found a hazy altar of Hepliaklqana.
   306 | D        | Found a stormy altar of Qazlal.
   306 | D        | Found a hide-covered altar of Uskayaw.
   306 | D        | Found a blossoming altar of Fedhas.
   306 | D        | Found a bloodstained altar of Trog.
   306 | D        | Found an iron altar of Okawaru.
   306 | D        | Found a basalt altar of Yredelemnul.
   306 | D        | Found a glowing golden altar of the Shining One.
   306 | D        | Found a snail-covered altar of Cheibriados.
   306 | D        | Found a sacrificial altar of Ru.
   306 | D        | Found a glowing silver altar of Zin.
   306 | D        | Found a shadowy altar of Dithmenos.
   306 | D        | Found a white marble altar of Elyvilon.
   306 | D        | Noticed a yak
   317 | D        | Killed a yak
   317 | D        | Reached skill level 8 in Fighting
   318 | D        | Found an opulent altar of Gozag.
   321 | D        | Found a sparkling altar of Nemelex Xobeh.
   324 | D        | Became a worshipper of Qazlal Stormbringer
   465 | D        | Noticed Sonja
   476 | D        | Slain by Sonja

Vault maps used:
D:        dungeon_sprint_1

Skill      XL: |  1  2  3  4  5  6 |
---------------+-------------------+-----
Fighting       | 4 5 7 8 |  8.2
Axes           | 2 3 4 6 |  6.1
Armour         | 3 5 6 7 |  7.2
Shields        | 3 5 6 7 |  7.3
Dodging        | |  0.3
Stealth        | |  0.4

Action                   |  1- 3 |  4- 6 || total
-------------------------+-------+-------++-------
Melee: War axe           |    19 |    30 ||    49
  Use: Potion            |     2 |     2 ||     4
Armor: Scale mail        |    12 |    13 ||    25
Dodge: Dodged            |     5 |    14 ||    19
Block: Shield            |     5 |    15 ||    20
